 Dungeon Crawl Stone Soup version 0.28.0-53-g5a82cb258f (webtiles) character file.

Game seed: 16422445413657985371

42 Zeld the Conjurer (level 3, -2/19 HPs)
             Began as a Deep Elf Conjurer on June 11, 2022.
             Slain by a bullfrog skeleton (5 damage)
             ... on level 4 of the Dungeon.
             The game lasted 00:01:06 (1674 turns).

Zeld the Conjurer (Deep Elf Conjurer)               Turns: 1674, Time: 00:01:06

Health: -2/19      AC:  2    Str:  4    XL:     3   Next: 33%
Magic:  6/10       EV: 12    Int: 24    God:
Gold:   45         SH:  0    Dex: 13    Spells: 6/9 levels left

rFire   . . .      SeeInvis .   (no weapon)
rCold   . . .      Faith    .   (no shield)
rNeg    . . .      Spirit   .   a - +0 robe
rPois   .          Reflect  .   (no helmet)
rElec   .          Harm     .   (no cloak)
rCorr   .          Rampage  .   (no gloves)
Will    .....                   (no boots)
Stlth   ++........              (no amulet)
HPRegen 0.06/turn               (no ring)
MPRegen 0.12/turn               (no ring)

@: no status effects
A: no striking features
a: no special abilities


You were on level 4 of the Dungeon.
You visited 1 branch of the dungeon, and saw 4 of its levels.

You collected 45 gold pieces.

Inventory:

Armour
 a - a +0 robe (worn)
Scrolls
 b - a scroll of identify {unknown}
Potions
 c - a potion of lignification {unknown}


   Skills:
 + Level 2.4 Dodging
 + Level 2.4 Stealth
 * Level 3.5 Spellcasting
 * Level 4.6 Conjurations
 - Level 2.0 Hexes
 - Level 2.0 Translocations


You had 6 spell levels left.
You knew the following spells:

 Your Spells              Type           Power      Damage    Failure   Level
a - Magic Dart            Conj           100%       1d8       1%          1
b - Searing Ray           Conj           52%        2d6       2%          2

Your spell library contained the following spells:

 Spells                   Type           Power      Damage    Failure   Level
 Dazzling Flash           Conj/Hex       40%        N/A       8%          3
 Fulminant Prism          Conj/Hex       10%        3d9       26%         4
 Iskenderun's Mystic Bla  Conj/Tloc      20%        2d6       26%         4


Dungeon Overview and Level Annotations

Branches:
Dungeon (4/15)
 Temple: D:4-7

Altars:


Message History

Nothing appears to happen.
The bullfrog skeleton hits you.
The bullfrog skeleton completely misses you.
Your magical contamination has completely faded away.
The bullfrog skeleton hits you. The bullfrog skeleton hits you.
The bullfrog skeleton misses you.
The bullfrog skeleton hits you but does no damage.
The bullfrog skeleton hits you.
The bullfrog skeleton closely misses you.
The bullfrog skeleton barely misses you.
There is a stone staircase leading up here.
The bullfrog skeleton hits you.
You climb upwards.
There is a stone staircase leading down here.
You start resting.
HP restored.
You start waiting.
Done waiting.
You climb downwards.
The bullfrog skeleton hits you. x2
There is a stone staircase leading up here.
Casting: Searing Ray (safe; 2% risk of failure)
Confirm with . or Enter, or press ? or * to list all spells.
Aiming: Searing Ray (safe; 2% risk of failure)
Press: ? - help, Shift-Dir - straight line, f - bullfrog skeleton
Aim: a bullfrog skeleton (93% to hit)
The searing ray hits the bullfrog skeleton.
The bullfrog skeleton is lightly damaged. (Press . to maintain the ray.)
The bullfrog skeleton misses you.
The bullfrog skeleton barely misses you.
The searing ray hits the bullfrog skeleton!
The bullfrog skeleton is severely damaged.
The bullfrog skeleton hits you.
The searing ray hits the bullfrog skeleton.
The bullfrog skeleton is almost destroyed.
The bullfrog skeleton hits you.
* * * LOW HITPOINT WARNING * * *
The bullfrog skeleton hits you.
You die...

### #####.. #...####.....#
#............#
##.............#
###...#.... #@## ..... #..#
#.Z# ....# ##..## #..##
....# #....## #...#####.
#...###.....####..........
#...##..#....##...........
........##.........#......
........###...............#
..#####..###..####........#


You could see a bullfrog skeleton.

Vanquished Creatures
  A centaur skeleton (D:4)
  A dart slug (D:2)
  An endoplasm (D:1)
  A giant cockroach (D:1)
  2 goblins
  4 bats
  A frilled lizard (D:1)
  2 rats
13 creatures vanquished.

Notes
Turn   | Place    | Note
-------+----------+-------------------------------------------
     0 | D:1      | Zeld the Deep Elf Conjurer began the quest for the Orb.
     0 | D:1      | Reached XP level 1. HP: 10/10 MP: 6/6
   394 | D:1      | Reached skill level 1 in Hexes
   759 | D:2      | Reached skill level 1 in Translocations
   759 | D:2      | Reached XP level 2. HP: 15/15 MP: 5/8
   856 | D:2      | Learned a level 2 spell: Searing Ray
  1135 | D:4      | Reached XP level 3. HP: 10/19 MP: 6/10
  1674 | D:4      | Slain by a bullfrog skeleton

Illustrated notes

Levels and vault maps discovered:
D:1:      dpeg_arrival_tiny_j, layout_basic, minmay_pentomino_w4
D:2:      wander_river, layout_loops_corners, st_stairs_6,
          pf_guarded_unrand_delatra, uniq_crazy_yiuf_cottage
D:3:      layout_loops_corners, shapermc_ecumenical_altar_acropolis,
          gammafunk_ghost_cemetery, minmay_hedge_maze
D:4:      layout_layer_cave, uniq_sigmund

Skill      XL: |  1  2 |
---------------+-------+-----
Hexes          | 1 2 |  2.0
Translocations | 1 2 |  2.0
Dodging        | |  2.4
Stealth        | |  2.4
Spellcasting   | |  3.5
Conjurations   | |  4.6

Action                   || total
-------------------------++-------
Melee: Unarmed           ||     4
 Cast: Magic Dart        ||    21
       Searing Ray       ||     3
Armor: Robe              ||     4
Dodge: Dodged            ||    22
